 Dungeon Crawl Stone Soup version 0.22-a0-407-gb098539 (webtiles) character file.

79 Ijustatesigmund the Sneak (level 4, -10/28 HPs)
             Began as an Octopode Artificer on May 9, 2018.
             Mangled by an iguana (14 damage)
             ... on level 2 of the Dungeon.
             The game lasted 00:03:05 (1626 turns).

Ijustatesigmund the Sneak (Octopode Artificer)      Turns: 1626, Time: 00:03:05

Health: -10/28     AC:  1    Str: 11    XL:     4   Next: 37%
Magic:  6/6        EV: 14    Int: 13    God:
Gold:   86         SH:  0    Dex: 13    Spells: 3/3 levels left

rFire    . . .     SeeInvis .   a - +1 short sword
rCold    . . .     Gourm    .   (no shield)
rNeg     . . .     Faith    .   (helmet restricted)
rPois    .         Spirit   .   (no amulet)
rElec    .         Reflect  .   (no ring)
rCorr    .         Harm     .   (no ring)
MR       .....                  (no ring)
Stlth    ++++......             (no ring)
HPRegen  0.09/turn              (no ring)
MPRegen  0.10/turn              (no ring)
                                (no ring)
                                (no ring)

@: no status effects
A: almost no armour, stealthy swim, amphibious, 8 rings, constrict 8, camouflage
1, gelatinous body 1
a: no special abilities


You were on level 2 of the Dungeon.
You were not hungry.

You visited 1 branch of the dungeon, and saw 2 of its levels.

You collected 86 gold pieces.

Inventory:

Hand Weapons
 a - a +1 short sword (weapon)
Missiles
 h - a throwing net (quivered)
Wands
 b - a wand of flame (15)
 c - a wand of enslavement (15)
 d - a wand of random effects (15)
Scrolls
 k - 3 scrolls of teleportation
 n - a scroll of enchant weapon
Potions
 e - a potion of invisibility
 g - a potion of flight
 i - a potion of resistance {unknown}
 j - a potion of curing {unknown}
 l - a potion of magic {unknown}
 m - a potion of might {unknown}
 o - 2 potions of lignification {unknown}
Comestibles
 f - 4 rations


   Skills:
 - Level 1.0 Fighting
 - Level 1.0 Short Blades
 + Level 3.4 Dodging
 + Level 4.2 Stealth
 - Level 3.2 Evocations


You had 3 spell levels left.
You didn't know any spells.

Dungeon Overview and Level Annotations

Branches:
Dungeon (2/15)

Altars:


Innate Abilities, Weirdness & Mutations

You cannot wear most types of armour.
You are very stealthy in the water. (Stealth+)
You are amphibious.
You can wear up to eight rings at the same time.
You can use your tentacles to constrict eight enemies at once.
Your skin changes colour to match your surroundings (Stealth+).
Your rubbery body absorbs attacks. (AC +1, EV +1)


Message History

The iguana bites you!
You hit the iguana. You grab the iguana.
The iguana is moderately wounded.
You constrict the iguana. The iguana closely misses you.
You hit the iguana.
You squeeze the iguana, but do no damage.
The iguana is heavily wounded.
You constrict the iguana. The iguana bites you!
Ouch! That really hurt!
* * * LOW HITPOINT WARNING * * *
You are too injured to fight recklessly!
You are too injured to fight recklessly!
You are too injured to fight recklessly!
You are too injured to fight recklessly!
You are too injured to fight recklessly!
You hit the iguana but do no damage.
The iguana is severely wounded.
You constrict the iguana. The iguana bites you!
Ouch! That really hurt!
You die...

...#..# #..#...........
##.##########.##....#####
#..................)#
......#######.##....#
#####.# #[##....# .#
##.#### #.##.#### .#
#.....# #..#.# .# #.....#
##.#.# .# #.....# #..@#
<# #.....# ##.l# .#
#.....# #!.# .# #.....#
#.># .# #.....# #### .#
#.....# .# #.....# .#
#.....# .# #...((#


You could see an iguana.

Vanquished Creatures
  3 adders (D:2)
  2 dart slugs
  A leopard gecko (D:1)
  2 ball pythons
  2 giant cockroaches (D:1)
  2 goblins
  4 hobgoblins
  6 jackals (D:1)
  2 quokkas (D:2)
  7 bats
  3 frilled lizards
  7 kobolds
  6 rats
47 creatures vanquished.

Notes
Turn   | Place    | Note
-------+----------+-------------------------------------------
     0 | D:1      | Ijustatesigmund the Octopode Artificer began the quest for the Orb.
     0 | D:1      | Reached XP level 1. HP: 13/13 MP: 3/3
   178 | D:1      | Reached skill level 2 in Stealth
   224 | D:1      | Reached XP level 2. HP: 8/18 MP: 4/4
   734 | D:1      | Reached skill level 3 in Stealth
   784 | D:1      | Reached XP level 3. HP: 23/23 MP: 5/5
  1470 | D:2      | Reached skill level 4 in Stealth
  1470 | D:2      | Reached XP level 4. HP: 28/28 MP: 6/6
  1626 | D:2      | Mangled by an iguana

Vault maps used:
D:1:      lemuel_arrival_funnel

Skill      XL: |  1  2  3 |
---------------+----------+-----
Stealth        | 2 3 4 |  4.2
Dodging        | 3 |  3.4
Fighting       | |  1.0
Short Blades   | |  1.0
Evocations     | |  3.2

Action                   |  1- 3 |  4- 6 || total
-------------------------+-------+-------++-------
Melee: Short sword       |    76 |    15 ||    91
       Constrict         |    19 |     3 ||    22
       Tentacles         |    12 |     1 ||    13
  Use: Scroll            |     6 |     2 ||     8
 Stab: Sleeping          |    11 |     5 ||    16
       Distracted        |     1 |       ||     1
  Eat: Chunk             |     2 |       ||     2
Armor: Skin              |     5 |     1 ||     6
Dodge: Dodged            |    58 |     5 ||    63

Table legend:
 A = Spawn XP
 B = Non-spawn XP
 C = Spawn XP percentage of total XP
 D = Spawn monster count
 E = Non-spawn monster count
 F = Spawn count percentage of total count
 G = Total turns spent on level
                    A         B        C        D         E        F      G
               +---------+---------+-------+---------+---------+-------+---------
         Total |       0 |     113 |   0.0 |       0 |      47 |   0.0 |  1626
               +---------+---------+-------+---------+---------+-------+---------
           D:1 |       0 |      47 |   0.0 |       0 |      28 |   0.0 |  1160
           D:2 |       0 |      66 |   0.0 |       0 |      19 |   0.0 |   466
               +---------+---------+-------+---------+---------+-------+---------
